Cogmind - Beta 16 @@@ ROGUE MODE // 2025.11.16 @ 08:00:44 Player: Mozco Result: Destroyed by L-31 Rogue with Katana Performance ------------- Evolutions (1) 500 Regions Visited (4) 800 Robots Destroyed (18) 90 Value Destroyed (307) 307 Prototype IDs (4) 80 Alien Tech Used (0) 0 Bonus (669) 669 TOTAL SCORE: 2446 Bonus ------- Pacifist 200 Follower Combat Kills 269 Entered Garrisons 200 Cogmind --------- Core Integrity 0/400 Matter 262/300 Energy 76/265 System Corruption 0% Temperature Cool (19) Movement Treading (160) Location -9/Garrison Parts ------- > --- POWER (1) -------- Improved Ion Engine > --- PROPULSION (2) --- Light Treads Light Treads > --- UTILITY (4) ------ Heat Sink Medium Storage Unit Light Armor Plating Medium Armor Plating > --- WEAPON (2) ------- Advanced Beam Cannon Advanced Beam Cannon > --- INVENTORY (10) --- Light Ion Engine Light Ion Engine Light Treads Light Treads Aluminum Leg Improved Medium Laser Advanced Beam Cannon Advanced Beam Cannon EMP Blaster Datajack Peak State ------------ > --- POWER ------------ Improved Ion Engine > --- PROPULSION ------- Light Treads Light Treads > --- UTILITY ---------- Heat Sink Heat Sink Medium Storage Unit Medium Armor Plating > --- WEAPON ----------- Improved Medium Laser Advanced Beam Cannon > --- INVENTORY -------- Light Ion Engine Light Ion Engine Light Treads Light Treads Aluminum Leg Aluminum Leg Advanced Beam Cannon Advanced Beam Cannon Advanced Beam Cannon Datajack [Rating: 16] Favorites ----------- Power Improved Ion Engine Engine Improved Ion Engine Propulsion Light Treads Treads Light Treads Leg Aluminum Leg Utility Heat Sink Device Heat Sink Storage Medium Storage Unit Protection Medium Armor Plating Weapon Advanced Beam Cannon Energy Gun Particle Gun Energy Cannon Advanced Beam Cannon Ballistic Gun Heavy Assault Rifle Launcher EMP Blaster Build | -11 -10 -9 -9 -9 ------- Run | Yrd Mat Mat Sto Gar Slots Evolved 2 | . . 2 . . Power . | . . . . . Propulsion . | . . . . . Utility 2 | . . 2 . . Weapon . | . . . . . Parts Attached 23 | 3 1 . 15 4 Power 2 | 1 . . 1 . Engine 2 | 1 . . 1 . Core . | . . . . . Reactor . | . . . . . Propulsion 6 | 1 . . 5 . Treads 4 | . . . 4 . Leg 2 | 1 . . 1 . Wheel . | . . . . . Hover . | . . . . . Flight . | . . . . . Utility 7 | 1 1 . 4 1 Device 2 | . . . 2 . Storage 2 | 1 . . 1 . Processor . | . . . . . Hackware . | . . . . . Protection 3 | . 1 . 1 1 Artifact . | . . . . . Weapon 8 | . . . 5 3 Energy Gun 3 | . . . 3 . Energy Cannon 3 | . . . 1 2 Ballistic Gun 1 | . . . 1 . Ballistic Cannon . | . . . . . Launcher 1 | . . . . 1 Special Weapon . | . . . . . Impact Weapon . | . . . . . Slashing Weapon . | . . . . . Piercing Weapon . | . . . . . Special Melee Weapon . | . . . . . Unidentified Prototypes 2 | . . . 2 . Parts Lost 1 | . . . 1 . Power . | . . . . . Propulsion . | . . . . . Utility 1 | . . . 1 . Weapon . | . . . . . Highest Loss Streak 1 | . . . 1 . To Critical Strikes . | . . . . . Average Backups 7 | 2 5 5 6 9 Power 1 | 1 2 2 2 1 Propulsion 2 | 1 2 2 2 3 Utility . | . 1 1 . . Weapon 1 | . . . 1 4 Tool/Special . | . . . . . Unused Backups 5 | . . . . 5 Power 2 | . . . . 2 Propulsion 1 | . . . . 1 Utility . | . . . . . Weapon 1 | . . . . 1 Tool/Special 1 | . . . . 1 Average Slot Usage (%) 69 | . 1 11 71 100 Engine 7 | . . . 8 11 Treads 15 | . . . 16 22 Device 13 | . . . 15 14 Storage 7 | . . . 8 11 Protection 8 | . 1 11 6 18 Energy Gun 5 | . . . 7 1 Energy Cannon 6 | . . . 4 18 Ballistic Gun 2 | . . . 4 . Peak Build Rating 16 | 2 1 1 16 16 Average Rating 10 | . . 1 10 15 On Entrance 3 | . . 1 1 16 Avg Prop Armor Cover (%) . | . . . . . Naked Turns 156 | . 76 . 80 . Heaviest Build 36 | 8 1 1 33 36 Greatest Support 40 | 3 3 3 40 40 Greatest Overweight (x) 2 | 2 . . 1 . Average Overweight (x) . | . . . . . Largest Inventory Capacity 10 | 8 5 5 10 10 Average Capacity 8 | 5 5 5 8 10 Most Carried 10 | 5 5 5 10 10 Average Carried 7 | 3 5 5 6 9 Final Capacity 10 | 5 5 5 10 10 Final Carried 10 | 5 5 5 10 10 Class Distribution -------------------- 74% | Scavenger-Mutant 22% | Mutant 3% | Commander-Mutant Dominant Class ---------------- Mutant | -10/Materials Mutant | -9/Materials Scavenger-Mutant | -9/Storage Scavenger-Mutant | -9/Garrison Resources | -11 -10 -9 -9 -9 ----------- Run | Yrd Mat Mat Sto Gar Matter Collected 548 | 230 . . 269 49 Remotely . | . . . . . Salvage Created 492 | . . . 343 149 Parts 34 | . . . 22 12 Haulers Intercepted 3 | . . . 3 . Recyclers Shooed . | . . . . . Parts Field Recycled . | . . . . . Retrieved Matter . | . . . . . Parts Self-Destructed . | . . . . . Prevented . | . . . . . Parts Restored . | . . . . . Kills | -11 -10 -9 -9 -9 ------- Run | Yrd Mat Mat Sto Gar Combat Hostiles Destroyed 12 | . . . 5 7 Guns 5 | . . . 5 . Cannons 5 | . . . . 5 AOE 2 | . . . . 2 Classes Destroyed 6 | . . . 4 2 Builder 2 | . . . 2 . Hauler 3 | . . . 3 . Operator 1 | . . . 1 . Swarmer 6 | . . . . 6 Grunt 5 | . . . 5 . Sentry 1 | . . . . 1 Best Kill Streak 3 | . . . 2 3 Combat Bots Only 3 | . . . 2 3 Max Kills in Single Turn 2 | . . . 1 2 Gunslinging . | . . . . . Exploded 2 | . . . . 2 Melee . | . . . . . Uniques/NPCs Destroyed . | . . . . . Combat | -11 -10 -9 -9 -9 -------- Run | Yrd Mat Mat Sto Gar Hostile Shots Fired 148 | . 29 14 58 47 Missed 47 | . 13 5 14 15 Hits 101 | . 16 9 44 32 Melee 2 | . . . . 2 Projectile 99 | . 16 9 44 30 Critical Strikes 2 | . . . 1 1 Actively Blocked 1 | . . . 1 . Damage Taken 1187 | . 173 114 548 352 Core 584 | . 162 94 286 42 Absorbed by Shields . | . . . . . Redirected to Shielding 49 | . 11 18 20 . Regen/Repaired (Parts) 247 | . . . 247 . Core Remaining (%) 67 | 100 35 . . . Volleys Fired 67 | . . . 39 28 Largest 2 | . . . 2 2 Hottest 136 | . . . 88 136 Shots Fired 104 | . . . 66 38 Gun 57 | . . . 57 . Cannon 43 | . . . 9 34 Launcher 4 | . . . . 4 Special . | . . . . . Kinetic 30 | . . . 30 . Thermal 70 | . . . 36 34 Explosive . | . . . . . Electromagnetic 4 | . . . . 4 Robot Hit Streak 8 | . . . 8 4 Robot Miss Streak 3 | . . . 3 2 Penetration Max . | . . . . . Secondary Targets . | . . . . . Shots Hit Robots 62 | . . . 44 18 Core Hits 22 | . . . 12 10 Critical Kills . | . . . . . Critical Parts Destroyed . | . . . . . Critical Strikes 1 | . . . 1 . Burn 1 | . . . 1 . Melee Attacks . | . . . . . Impact . | . . . . . Slashing . | . . . . . Piercing . | . . . . . Sneak Attacks . | . . . . . Combat Hostiles . | . . . . . Follow-up Attacks . | . . . . . Damage Inflicted 1326 | . 2 5 784 535 Guns 634 | . . . 634 . Cannons 519 | . . . 143 376 Explosions 159 | . . . . 159 Melee . | . . . . . Ramming 14 | . 2 5 7 . Kinetic 329 | . . . 329 . Thermal 824 | . . . 448 376 Explosive . | . . . . . Electromagnetic 159 | . . . . 159 Impact . | . . . . . Slashing . | . . . . . Piercing . | . . . . . Highest Corruption . | . . . . . Average Corruption . | . . . . . Corruption Purged . | . . . . . Corruption Blocked . | . . . . . Overload Shots . | . . . . . Overflow Damage 2 | . . . . 2 Projectiles 2 | . . . . 2 Explosions . | . . . . . Melee . | . . . . . Knockbacks . | . . . . . Impact . | . . . . . Kinetic . | . . . . . Secondary . | . . . . . Self-Inflicted Damage 15 | . 1 2 2 10 Shots 1 | . . . . 1 Rammed 3 | . 1 1 1 . Targets Rammed 4 | . 1 1 2 . Kicked . | . . . . . Crushed 1 | . . . 1 . Highest Temperature 275 | . . . 210 275 Average Temperature 107 | . . . 69 115 Received Heat Transfer 408 | . 57 63 261 27 Siege Activations . | . . . . . Martial Activations . | . . . . . Shielding Activations . | . . . . . Robots Disrupted 1 | . . . . 1 Combat Hostiles 1 | . . . . 1 Robots Corrupted . | . . . . . Combat Hostiles . | . . . . . Parts Fried . | . . . . . Impact Corruptions . | . . . . . Robots Melted . | . . . . . Combat Hostiles . | . . . . . Parts Melted 1 | . . . . 1 Heat Transferred 1604 | . . . 1036 568 Parts Sabotaged . | . . . . . Parts Stolen . | . . . . . Parts Stripped . | . . . . . Power Chain Reactions . | . . . . . Alert | -11 -10 -9 -9 -9 ------- Run | Yrd Mat Mat Sto Gar Maximum Alert Level 1 | . . . 1 1 Low Security (%) 40 | 100 100 100 37 17 Level 1 59 | . . . 62 82 Level 2 . | . . . . . Level 3 . | . . . . . Level 4 . | . . . . . Level 5 . | . . . . . High Security . | . . . . . Max Security . | . . . . . Peak Influence 341 | . 30 7 311 341 Initial 96 | . . 1 2 96 Average 192 | . 14 3 198 281 Influence Increases 978 | . 45 6 682 245 Destroy 0b10 Robot/C 420 | . . . 280 140 Destroy 0b10 Robot/NC 30 | . . . 30 . Destroy Leader 86 | . . . 76 10 Allied During Kill 56 | . . . 56 . Successful Hack 20 | . . 6 14 . Select Force Hacks 30 | . 30 . . . Destroy Structure 21 | . . . 1 20 Partial Spotted 30 | . . . 30 . Lose Combat Pursuer 285 | . 15 . 195 75 Influence Decreases 637 | . 40 4 540 53 Entered New Map 62 | . . 4 5 53 Time Decay 365 | . 40 . 325 . Lost Part 10 | . . . 10 . Lost Ally 200 | . . . 200 . Squads Dispatched 5 | . 2 1 2 . Investigation 2 | . 2 . . . Extermination . | . . . . . Reinforcement 3 | . . 1 2 . Assault . | . . . . . Garrison . | . . . . . Intercept . | . . . . . Searches Triggered . | . . . . . Construction Impeded . | . . . . . Haulers Reinforced . | . . . . . Active Scanning Responses . | . . . . . Cargo Convoy Interrupts . | . . . . . Stealth | -11 -10 -9 -9 -9 --------- Run | Yrd Mat Mat Sto Gar Distress Signals 2 | . . 1 1 . Communications Jammed . | . . . . . Distress Signals . | . . . . . Times Spotted 52 | . 10 7 26 9 Peak Tracking Total 11 | . 10 7 11 6 Tactical Retreats 6 | . 1 . 3 2 Traps | -11 -10 -9 -9 -9 ------- Run | Yrd Mat Mat Sto Gar Traps Triggered 2 | . 1 . 1 . Indirectly . | . . . . . Trap Hack Attempts . | . . . . . Triggered . | . . . . . Disarmed . | . . . . . Reprogrammed . | . . . . . Reused . | . . . . . Traps Extracted . | . . . . . Installed . | . . . . . Triggered . | . . . . . Machines | -11 -10 -9 -9 -9 ---------- Run | Yrd Mat Mat Sto Gar Machines Disabled . | . . . . . Max in Single Turn . | . . . . . Machines Repaired . | . . . . . Machines Dismantled . | . . . . . Machines Sabotaged . | . . . . . Overloaded Fab Kills . | . . . . . Hacking | -11 -10 -9 -9 -9 --------- Run | Yrd Mat Mat Sto Gar Machines Accessed 10 | . 2 1 7 . Terminals 7 | . 1 1 5 . Fabricators . | . . . . . Repair Stations 1 | . . . 1 . Recycling Units 1 | . 1 . . . Scanalyzers . | . . . . . Garrison Access 1 | . . . 1 . Total Hacks 29 | . 5 4 20 . Successful 21 | . 2 2 17 . Failed 8 | . 3 2 3 . Catastrophic . | . . . . . Database Lockouts . | . . . . . Manual 13 | . 3 4 6 . Terminals 17 | . 4 4 9 . Fabricators . | . . . . . Repair Stations 10 | . . . 10 . Recycling Units 1 | . 1 . . . Scanalyzers . | . . . . . Garrison Access 1 | . . . 1 . Terminal Hacks 4 | . . 2 2 . Robot Analysis 2 | . . 2 . . Prototype ID Bank 1 | . . . 1 . Zone Layout 1 | . . . 1 . Fabricator Hacks . | . . . . . Repair Station Hacks 10 | . . . 10 . Scan Component 5 | . . . 5 . Repair 5 | . . . 5 . Recycling Unit Hacks . | . . . . . Scanalyzer . | . . . . . Garrison Access Hacks 1 | . . . 1 . Unlock Access 1 | . . . 1 . Unauthorized Hacks 6 | . 2 . 4 . Terminals 5 | . 1 . 4 . Botnet 4 | . 1 . 3 . Operators 1 | . . . 1 . Fabricators . | . . . . . Repair Stations . | . . . . . Recycling Units 1 | . 1 . . . Tunnel 1 | . 1 . . . Scanalyzers . | . . . . . Garrison Access . | . . . . . Data Cores Recovered . | . . . . . Used . | . . . . . Hacking Detections 4 | . 1 1 2 . Full Trace Events . | . . . . . Feedback Events . | . . . . . Feedback Blocked . | . . . . . Robot Schematics Acquired . | . . . . . Robots Built . | . . . . . Authchips . | . . . . . Time . | . . . . . Total Robot Build Rating . | . . . . . Part Schematics Acquired . | . . . . . Parts Built . | . . . . . Authchips . | . . . . . Time . | . . . . . Total Part Build Rating . | . . . . . Part Studies Acquired . | . . . . . Parts Repaired 5 | . . . 5 . Time 142 | . . . 142 . Parts Recycled . | . . . . . Recycled Matter . | . . . . . Retrieved Matter . | . . . . . Retrieved Components . | . . . . . Parts Scanalyzed . | . . . . . Part Schematics Acquired . | . . . . . Parts Damaged . | . . . . . Bothacking | -11 -10 -9 -9 -9 ------------ Run | Yrd Mat Mat Sto Gar Used RIF Installer . | . . . . . Robots Hacked . | . . . . . Non-combat . | . . . . . Combat . | . . . . . Robot Hacks Applied . | . . . . . Relay Couplers Released . | . . . . . Fabnet Peak Effective % . | . . . . . Robots Rewired . | . . . . . Allies Hacked . | . . . . . Hacks Repelled . | . . . . . Allies | -11 -10 -9 -9 -9 -------- Run | Yrd Mat Mat Sto Gar Total Allies 10 | . . . 10 . Largest Group 10 | . . . 10 . Highest-Rated Group 88 | . . . 88 . Highest-Rated Ally 16 | . . . 16 . Total Orders . | . . . . . Ally Attacks 49 | . . . 49 . Total Damage 472 | . . . 472 . Kills 9 | . . . 9 . Allies Corrupted . | . . . . . Allies Melted . | . . . . . Intel | -11 -10 -9 -9 -9 ------- Run | Yrd Mat Mat Sto Gar Active Infowar (turns) . | . . . . . Robot Analysis Total 2 | . . 2 . . Derelict Logs Recovered . | . . . . . Drone Launches . | . . . . . Drone Recoveries . | . . . . . Exploration | -11 -10 -9 -9 -9 ------------- Run | Yrd Mat Mat Sto Gar Turns Passed 1127 | 35 84 19 754 235 Spaces Moved 764 | 49 162 35 418 100 Core 482 | 49 162 35 236 . Treads 281 | . . . 181 100 Legs 1 | . . . 1 . Wheels . | . . . . . Hover . | . . . . . Flight . | . . . . . Fastest Speed 50 | 50 50 50 50 160 Average Speed 92 | 56 50 50 99 160 Slowest Speed 240 | 150 50 50 240 160 Overloaded Moves . | . . . . . Propulsion Burnouts . | . . . . . Robots Hopped . | . . . . . Potential Cave-ins . | . . . . . Cave-ins Triggered . | . . . . . Exploration Rate (%) 26 | 3 44 8 58 19 Regions Visited 4 Branch Regions 1 Pre-discovered Areas 1 | . 1 . . . Known Exits Taken 1 | . . . 1 . Unknown Exits Taken 3 | 1 1 1 . . Scrap Searched . | . . . . . Spaces Dug . | . . . . . Terrain Destroyed . | . . . . . Melee . | . . . . . Projectile . | . . . . . AOE . | . . . . . Terrain Rammed . | . . . . . Walls Destroyed . | . . . . . Machines Disabled . | . . . . . Actions | -11 -10 -9 -9 -9 --------- Run | Yrd Mat Mat Sto Gar Total 1074 | 56 165 35 681 137 Wait 192 | . . . 192 . Move 761 | 48 161 34 418 100 Hop . | . . . . . Pick Up 10 | 2 1 . 6 1 Fast Attach 20 | 3 1 . 14 2 Attach 1 | . . . 1 . Detach 3 | 3 . . . . Swap 8 | . . . 4 4 Drop 8 | . 1 . 5 2 Fire 67 | . . . 39 28 Melee . | . . . . . Ram 3 | . 1 1 1 . Kick . | . . . . . Crush 1 | . . . 1 . Escape Stasis . | . . . . . Rewire . | . . . . . Trap . | . . . . . Miscellaneous . | . . . . . Route ------- -11/Scrapyard -10/Materials -9/Materials -9/Storage -9/Garrison History --------- Turn | Location | Event 16 | -11/Scrapyard | Discovered new exit (range 15) 36 | -11/Scrapyard | Entered Materials 115 | -10/Materials | Discovered new exit (range 11) 116 | -10/Materials | Core integrity fell below 50% 120 | -10/Materials | Entered another Materials area 120 | -9/Materials | Evolved 2 slots: Utility x2 129 | -9/Materials | Discovered new exit (range 14) 139 | -9/Materials | Entered Storage 224 | -9/Storage | Core integrity fell below 50% 234 | -9/Storage | Core integrity fell below 20% 258 | -9/Storage | Assisted by bots powering up and referring to "LRC-V3" 373 | -9/Storage | Lost 10 allies 588 | -9/Storage | Build established: Scavenger-Mutant 730 | -9/Storage | Repaired Lgt. Treads 758 | -9/Storage | Repaired Lgt. Treads 785 | -9/Storage | Repaired Lgt. Treads 817 | -9/Storage | Repaired Med. Armor Plating 855 | -9/Storage | Repaired Imp. Ion Engine 893 | -9/Storage | Identified exit to Garrison 893 | -9/Storage | Entered Garrison 1119 | -9/Garrison | Triggered checkpoint 1128 | -9/Garrison | Destroyed by L-31 Rogue with Katana Last Messages --------------- 00929_ S-10 Pest misfires. 00940_ Y-45 Defender misfires. 00944_ S-10 Pest destroyed. 00946_ Y-45 Defender misfires. 00948_ Y-45 Defender destroyed. 00949_ Acquired 21 matter. 00952_ Dropped Heat Sink. 00953_ Acquired Lgt. Armor Plating. 00954_ Dropped Lgt. Ion Engine. 00955_ Acquired 10 matter. 00967_ Acquired Lgt. Ion Engine. 00992_ Destroyed Flight Unit. 00994_ S-10 Pest destroyed. 01006_ Destroyed Flight Unit. 01012_ Flight Unit melted. 01012_ S-10 Pest destroyed. 01119_ Beams of light sweep through the air. An alarm sounds. 01122_ ALERT: Dispatching investigation squad to Recycling. 01126_ Imp. Ion Engine severed. 01126_ Acquired Imp. Ion Engine. Map ----- +----------------------------------------------------+ | ?????????????????????????????????????????????????? | | ?????????????????????????????????????????????????? | | ?????????????????????????????????????????????????? | | ????????????????######???????????????????????????? | | ???????????##?#?# #???????????????????????????? | | #!!!#####?## ? ?# #???????????????????????????? | | # #?# # ?# #???????????????????????????? | | #!!!### #? ?### #???????????????????????????? | | ??????# #?? ##??# #???????????????????????????? | | ??????# #??? ???# #???????????????????????????? | | ??????# #???# #???# #???????????????????????????? | | ???####"#####[##### #???????????????????????????? | | ???# *%%= ==%*! ########????????????????????? | | ???# ##[#####"##### #????????????????????? | | ???# # #???# #???# #????????????????????? | | ???# ## #???#[#???######## #????????????????????? | | ???#[## ##### #??????????# #????????????????????? | | ?###%%% #??????????# #????????????????????? | | ?# [=##########??????????# #????????????????????? | | ?# #???????????????????# #????????????????????? | | ?# #???????????????????# #????????????????????? | | ?### #???????????????????# #????????????????????? | | ???# #??????????????????## ##""""######?????????? | | ???# #"#????????????????# #?????????? | | ???# "#????????????????# ???????? | | ???# "#????????????????#@ ???????? | | ???# "#????????????????#l ## ## ##????????? | | ???#^#"#????????????????# ^^#? #??? #?????????? | | ???#####???????????????? ? ????????????? | | ???????????????????????? ? ??????????? | | ???????????????????????? ? "?????????? | | ???????????????????????? ? ??????????? | | ???????????????????????## ## ?# ??????????? | | ????????????????????????# #? #?? ???????????? | | ???????????????????????? ? ??????????????? | | ???????????????????????? ?? ?????????????? | | ????????????????????????# ?? ????????????? | | ?????????????????????????#####??""#??????????????? | | ?????????????????????????????????????????????????? | | ?????????????????????????????????????????????????? | | ?????????????????????????????????????????????????? | | ?????????????????????????????????????????????????? | | ?????????????????????????????????????????????????? | | ?????????????????????????????????????????????????? | | ?????????????????????????????????????????????????? | | ?????????????????????????????????????????????????? | | ?????????????????????????????????????????????????? | | ?????????????????????????????????????????????????? | | ?????????????????????????????????????????????????? | | ?????????????????????????????????????????????????? | +----------------------------------------------------+ Best States ------------- Heat Dissipation 48 Energy Generation 12 Energy Capacity 265 Matter Stores 300 Matter Capacity 300 Sight Range 16 Terrain Scan Density 10 Armor Coverage 375 Core Shielding 20 Evasion (%) 50 Recoil Reduction 2 Item Schematics ----------------- None Robot Schematics ------------------ None Fabricated ------------ Nothing Repaired ---------- Lgt. Treads | 7% | -9/Storage Lgt. Treads | 68% | -9/Storage Lgt. Treads | 75% | -9/Storage Med. Armor Plating | 87% | -9/Storage Imp. Ion Engine | 67% | -9/Storage Studied --------- None Alien Tech Used ----------------- None Achievements -------------- None Challenges ------------ None Game ------ Seed TractorAssaultBooster Manual? 0 Play Time 00:11:19 Cumulative 273.5 hours Start 2025.11.16 @ 07:49:03 End 2025.11.16 @ 08:00:44 Sessions 1 Manual Loads 0 Difficulty Rogue Special Mode None Game No. 279 Rogue 275 Adventurer 3 Explorer 1 Win Type - Total 1 Types 1/0/0/0/0/0/0/0/0/0 Lore% 78 Gallery% 76 Achievement% 60 Wizard Run 0 Options --------- Layout 0 ASCII 0 Keyboard 0 Movement Numpad Keybinds 0 Fullscreen 2 Font 18/SmallcapsGlow Map View 76x50 Zoom Use 0% Tactical HUD 1 Map Filters NONE Filters NONE Steam 1 RUN: 47f96195-8a46-4c2f-a510-98f9dfb8b126